AoeStats
← v_nico

Black Forest

509183516Analyzed
3v3 RM · 6d ago on Sep 25, 2026· 64m 41s· 6 players
Game mode
Random Map
Map size
Normal (6 player)
Population
200
Speed
Normal
Resources
Standard
Victory
Conquest
Starting age
Dark Age
Ending age
Imperial Age
RankedLock teamsTeams togetherTeam positionsShared explorationLock speedFull tech treeHidden civsTurbo modeCheats
Victory
Defeat
🇨🇭 Lithuanians · Switzerland
847
+15
🇨🇱 Turks · Chile
820
+16
🇬🇧 Persians · United Kingdom
801
+17
🇫🇷 Franks · France
860
-54
🇫🇷 Franks · France
859
-31
🇫🇷 Bohemians · France
726
-12
Gurman8777
0:29 Loom
12:09 Feudal Age
19:44 Castle Age
17:47 Horse Collar
18:13 Double-Bit Axe
21:31 Wheelbarrow
28:52 Heavy Plow
28:49 Gold Mining
32:49 Imperial Age
33:54 Onager
37:11 Scale Barding Armor
37:07 Scale Mail Armor
37:08 Padded Archer Armor
37:19 Forging
37:57 Pikeman
42:20 Crop Rotation
43:25 Chain Mail Armor
49:44 Chain Barding Armor
49:55 Plate Mail Armor
49:16 Fletching
51:29 Bow Saw
52:02 Plate Mail Armor
54:57 Coinage
pigmeroid
1:12 Loom
11:20 Feudal Age
12:13 Horse Collar
12:21 Double-Bit Axe
18:50 Town Watch
24:49 Castle Age
24:43 Scale Barding Armor
24:51 Forging
24:44 Scale Mail Armor
25:26 Bloodlines
25:51 Heavy Plow
26:04 Bow Saw
27:13 Pikeman
27:55 Squires
29:08 Fortified Wall
29:28 Husbandry
30:09 Wheelbarrow
29:57 Murder Holes
30:17 Town Patrol
29:55 Light Cavalry
30:27 Elite Skirmisher
32:28 Ballistics
32:38 Hand Cart
33:00 Caravan
34:14 Thumb Ring
39:37 Imperial Age
37:51 Fletching
39:28 Chain Barding Armor
39:48 Iron Casting
40:59 Plate Barding Armor
42:34 Conscription
42:17 Tower Shields
43:55 Chemistry
43:16 Bodkin Arrow
43:23 Padded Archer Armor
43:40 Chain Mail Armor
43:38 Elite Leitis
46:19 Leather Archer Armor
49:34 Halberdier
56:15 Ring Archer Armor
55:46 Bracer
56:51 Onager
59:21 Two-Man Saw
KUATIQUERO
0:49 Loom
13:31 Feudal Age
17:43 Castle Age
16:30 Double-Bit Axe
16:33 Horse Collar
18:29 Wheelbarrow
27:28 Hand Cart
29:15 Forging
29:12 Scale Barding Armor
30:34 Bow Saw
33:34 Husbandry
33:45 Bloodlines
36:34 Imperial Age
37:12 Chain Barding Armor
37:28 Iron Casting
38:01 Conscription
37:03 Elite Janissary
40:16 Blast Furnace
39:52 Plate Barding Armor
42:25 Stone Mining
42:26 Gold Mining
42:55 Cavalier
43:00 Heavy Camel Rider
maxitotor
10:21 Feudal Age
11:28 Double-Bit Axe
16:32 Gold Mining
16:33 Stone Mining
22:37 Castle Age
23:50 Bow Saw
26:48 Wheelbarrow
26:00 Town Watch
27:57 Gold Shaft Mining
28:40 Caravan
28:41 Pikeman
31:00 Hand Cart
31:10 Squires
32:16 Coinage
31:51 Town Patrol
38:01 Imperial Age
35:59 Husbandry
35:42 Ordonnance Companies
37:40 Scale Mail Armor
37:45 Scale Barding Armor
37:51 Forging
38:05 Halberdier
38:08 Cavalier
40:12 Chain Mail Armor
40:33 Iron Casting
40:19 Chain Barding Armor
40:08 Chivalry
40:46 Hoardings
40:26 Masonry
39:57 Treadmill Crane
40:51 Paladin
42:34 Architecture
42:37 Elite Throwing Axeman
44:39 Banking
45:38 Plate Mail Armor
44:44 Capped Ram
46:38 Murder Holes
46:49 Siege Engineers
46:54 Fortified Wall
47:05 Ballistics
46:35 Guard Tower
46:31 Arrowslits
54:06 Chemistry
56:41 Blast Furnace
56:16 Plate Barding Armor
55:42 Padded Archer Armor
55:32 Fletching
61:06 Bodkin Arrow
61:27 Leather Archer Armor
v_nico
12:17 Feudal Age
14:35 Double-Bit Axe
15:47 Horse Collar
23:38 Castle Age
25:21 Bow Saw
25:13 Heavy Plow
26:45 Pikeman
26:47 Man-at-Arms
27:28 Squires
28:19 Long Swordsman
29:32 Town Watch
30:22 Wheelbarrow
31:12 Caravan
32:01 Ballistics
31:58 Fortified Wall
31:45 Murder Holes
32:52 Chemistry
32:33 Fletching
32:43 Padded Archer Armor
36:08 Imperial Age
33:59 Hand Cart
34:04 Bodkin Arrow
34:30 Masonry
37:11 Chemistry
37:13 Elite Hussite Wagon
38:38 Bombard Tower
39:20 Halberdier
40:45 Wagenburg Tactics
41:01 Conscription
42:49 Two-Man Saw
41:56 Bracer
42:11 Leather Archer Armor
42:07 Forging
41:58 Scale Mail Armor
42:03 Scale Barding Armor
45:44 Murder Holes
45:54 Siege Engineers
46:20 Architecture
48:57 Arrowslits
49:03 Guard Tower
50:11 Iron Casting
49:52 Chain Mail Armor
50:08 Ring Archer Armor
51:10 Keep
58:31 Houfnice
59:54 Heavy Scorpion
76LHVivi
13:26 Feudal Age
15:01 Town Watch
16:54 Wheelbarrow
17:10 Double-Bit Axe
24:24 Castle Age
30:51 Padded Archer Armor
30:42 Fletching
31:27 Caravan
33:26 Leather Archer Armor
33:33 Stone Mining
33:33 Gold Mining
38:31 Imperial Age
41:43 Hoardings
55:58 Husbandry
57:14 Conscription
Connection lost

Rejoining the realm…

Still unreachable

The connection could not be restored.

Session expired

The server has moved on; the page needs a fresh start.